 Dungeon Crawl Stone Soup version 0.30-a0-778-g2ef04afb54 (webtiles) character file.

Game seed: 2540015258703181281

819 BRD the Skirmisher (level 7, -1/56 HPs)
             Began as a Gnoll Hunter on Feb 15, 2023.
             Slain by an ogre
             ... wielding a +0 giant spiked club
              (15 damage)
             ... on level 5 of the Dungeon.
             The game lasted 00:07:04 (3501 turns).

BRD the Skirmisher (Gnoll Hunter)                   Turns: 3501, Time: 00:07:05

Health: -1/56      AC: 15    Str: 11    XL:     7   Next: 95%
Magic:  11/11      EV:  6    Int: 10    God:
Gold:   243        SH:  0    Dex: 15    Spells: 11/11 levels left

rFire   . . .      SeeInvis .    u - +2 flail (heavy)
rCold   . . .      Faith    .    (no shield)
rNeg    + . .      Spirit   .    v - +4 chain mail
rPois   .          Reflect  .    s - +0 helmet
rElec   .          Harm     .    (no cloak)
rCorr   .          Rampage  .    (no gloves)
Will    .....                    k - +0 pair of boots Stlth
                                 (no amulet)
HPRegen 0.29/turn                C - ring of positive energy
MPRegen 0.12/turn                (no ring)

@: no status effects
A: fangs 1, strong nose, distributed training
a: no special abilities


You were on level 5 of the Dungeon.
You visited 1 branch of the dungeon, and saw 5 of its levels.

You collected 243 gold pieces.

Inventory:

Hand Weapons
 a - a +0 shortbow
 u - a +2 heavy flail (weapon)
Missiles
 c - a boomerang (quivered)
 t - a poisoned dart
 A - 3 silver boomerangs
Armour
 g - an orb of energy
 k - a +0 pair of boots (worn)
 l - a +0 tower shield
 s - a +0 helmet (worn)
 v - a +4 chain mail (worn)
Jewellery
 h - a ring of ice
 C - a ring of positive energy (left hand)
Wands
 y - a wand of charming (6)
Scrolls
 b - a scroll of immolation
 d - a scroll of enchant armour {unknown}
 f - 4 scrolls of identify {unknown}
 i - a scroll of fog {unknown}
 j - a scroll of amnesia {unknown}
 m - a scroll of noise {unknown}
 n - a scroll of vulnerability {unknown}
 o - a scroll of enchant weapon {unknown}
 p - a scroll of blinking {unknown}
 x - a scroll of teleportation {unknown}
 B - a scroll of summoning {unknown}
Potions
 e - a potion of attraction
 q - a potion of cancellation {unknown}
 w - 2 potions of mutation {unknown}
 z - a potion of ambrosia
 D - 2 potions of might {unknown}


   Skills:
 + Level 5.4 Fighting
 + Level 2.9 Short Blades
 + Level 2.9 Long Blades
 + Level 2.9 Axes
 + Level 2.9 Maces & Flails
 + Level 2.9 Polearms
 + Level 2.9 Staves
 + Level 9.0 Ranged Weapons
 + Level 2.9 Throwing
 + Level 2.9 Armour
 + Level 5.4 Dodging
 + Level 3.8 Stealth
 + Level 2.9 Shields
 + Level 2.9 Unarmed Combat
 + Level 2.9 Spellcasting
 + Level 2.3 Conjurations
 + Level 2.3 Hexes
 + Level 2.3 Summonings
 + Level 2.3 Necromancy
 + Level 2.3 Translocations
 + Level 2.3 Transmutations
 + Level 2.3 Fire Magic
 + Level 2.3 Ice Magic
 + Level 2.3 Air Magic
 + Level 2.3 Earth Magic
 + Level 2.3 Poison Magic
 + Level 3.2 Invocations
 + Level 2.9 Evocations


You had 11 spell levels left.
You didn't know any spells.
Your spell library contained the following spells:

 Spells                   Type           Power      Damage    Failure   Level
 Cigotuvi's Dreadful Rot  Necr/Pois/Air  12%        N/A       100%        2
 Poisonous Vapours        Pois/Air       12%        N/A       100%        2
 Mephitic Cloud           Conj/Pois/Air  6%         N/A       100%        3


Dungeon Overview and Level Annotations

Branches:
Dungeon (5/15)
 Temple: D:4-7

Altars:
Elyvilon
Makhleb
Qazlal
Uskayaw
Zin


Innate Abilities, Weirdness & Mutations

You have very sharp teeth.
Your uncanny sense of smell can sniff out nearby items.
Your experience applies equally to all skills.


Message History

Throw: 3 darts (poison)
Press: ? - help, Q - select action, (/) - cycle Shift-Dir - straight line, f/p - orc
Aim: an orc, wielding a +0 hand axe and wearing a +0 leather armour (62% to hit)
You throw a poisoned dart.
The poisoned dart barely misses the ogre.
The poisoned dart hits the orc!
The orc is poisoned.
Throw: 2 darts (poison)
Press: ? - help, Q - select action, (/) - cycle Shift-Dir - straight line, f - ogre, p - orc
Aim: an ogre, wielding a +0 giant spiked club (heavily wounded, very poisoned, 76% to hit)
You throw a poisoned dart. The poisoned dart hits the ogre.
The ogre looks even sicker.
The ogre is heavily wounded.
Throw: 2 boomerangs (disperse)
Press: ? - help, Q - select action, (/) - cycle Shift-Dir - straight line, f/p - ogre
Aim: an ogre, wielding a +0 giant spiked club (heavily wounded, very poisoned, 76% to hit)
You throw a boomerang of dispersal.
The boomerang of dispersal closely misses the ogre.
The boomerang of dispersal closely misses the orc.
The ogre hits you with a +0 giant spiked club!!
Throw: boomerang (disperse)
Press: ? - help, Q - select action, (/) - cycle Shift-Dir - straight line, f/p - ogre
Aim: an ogre, wielding a +0 giant spiked club (heavily wounded, very poisoned, 76% to hit)
You throw a boomerang of dispersal.
The boomerang of dispersal barely misses the ogre.
The boomerang of dispersal closely misses the orc.
A quokka comes into view.
Throw: boomerang
Press: ? - help, Q - select action, (/) - cycle Shift-Dir - straight line, f/p - ogre
Aim: an ogre, wielding a +0 giant spiked club (heavily wounded, very poisoned, 76% to hit)
You throw a boomerang. The boomerang hits the ogre.
The ogre is severely wounded.
The ogre hits you but does no damage. The orc hits you with a +0 hand axe.
You closely miss the ogre.
The ogre is almost dead.
The orc barely misses you.
The ogre hits you with a +0 giant spiked club!
* * * LOW HITPOINT WARNING * * *
The orc hits you but does no damage.
The ogre hits you with a +0 giant spiked club!
You die...

##....# #.# ####.# #.#
.♣♣ ♣♣###.# ##.# ...♣
♣♣.....########..#
....♣♣♣......(........##
~≈...♣...≈~≈...######.#
~≈≈.....≈≈~≈≈.........##
_r~.....~~♣~~...#####.#.
~≈≈..(O@≈≈~≈≈..##.......
~≈...♣o).≈~≈...##.###.#.
((( ♣♣...........###.#.
. ♣♣..............#.
♣♣###..#######.#.
#..........#.
#.##########. #+# .


You could see an ogre (very poisoned), an orc (poisoned) and a quokka.

Vanquished Creatures
  Grinder (D:3)
  An orc warrior (D:4)
  A necrophage (D:5)
  A jelly (D:4)
  An orc priest (D:5)
  A hound (D:4)
  Jessica (D:2)
  5 iguanas
  Natasha (thrice) (D:2)
  Robin (D:2)
  3 adders
  A worm (D:2)
  3 dart slugs
  15 orcs
  4 ball pythons
  5 endoplasms
  3 giant cockroaches
  13 goblins
  5 hobgoblins
  6 quokkas
  7 bats
  2 frilled lizards
  5 kobolds
  3 rats
91 creatures vanquished.

Notes
Turn   | Place    | Note
-------+----------+-------------------------------------------
     0 | D:1      | BRD the Gnoll Hunter began the quest for the Orb.
     0 | D:1      | Reached XP level 1. HP: 20/20 MP: 1/1
    93 | D:1      | Reached XP level 2. HP: 26/26 MP: 2/2
   255 | D:1      | Reached XP level 3. HP: 31/31 MP: 3/3
   613 | D:2      | Reached skill level 1 in Invocations
   663 | D:2      | Identified the +1 sling "Lebb" {heavy, rElec rN++ Dex-2
                  | SInv}
   705 | D:2      | Found a faded altar of an unknown god.
   707 | D:2      | Reached skill level 1 in Short Blades
   707 | D:2      | Reached skill level 1 in Long Blades
   707 | D:2      | Reached skill level 1 in Axes
   707 | D:2      | Reached skill level 1 in Maces & Flails
   707 | D:2      | Reached skill level 1 in Polearms
   707 | D:2      | Reached skill level 1 in Staves
   707 | D:2      | Reached skill level 1 in Throwing
   707 | D:2      | Reached skill level 1 in Armour
   707 | D:2      | Reached skill level 1 in Shields
   707 | D:2      | Reached skill level 1 in Unarmed Combat
   707 | D:2      | Reached skill level 1 in Spellcasting
   707 | D:2      | Reached skill level 1 in Evocations
   778 | D:2      | Noticed Natasha
   783 | D:2      | Killed Natasha
   784 | D:2      | Reached XP level 4. HP: 37/38 MP: 5/5
   789 | D:2      | Noticed Jessica
   791 | D:2      | Killed Jessica
   792 | D:2      | Reached skill level 1 in Conjurations
   792 | D:2      | Reached skill level 1 in Hexes
   792 | D:2      | Reached skill level 1 in Summonings
   792 | D:2      | Reached skill level 1 in Necromancy
   792 | D:2      | Reached skill level 1 in Translocations
   792 | D:2      | Reached skill level 1 in Transmutations
   792 | D:2      | Reached skill level 1 in Fire Magic
   792 | D:2      | Reached skill level 1 in Ice Magic
   792 | D:2      | Reached skill level 1 in Air Magic
   792 | D:2      | Reached skill level 1 in Earth Magic
   792 | D:2      | Reached skill level 1 in Poison Magic
   841 | D:2      | Noticed Robin
   850 | D:2      | Killed Robin
   863 | D:2      | Reached XP level 5. HP: 20/43 MP: 5/7
  1029 | D:2      | Noticed Natasha
  1033 | D:2      | Killed Natasha
  1370 | D:2      | Noticed Natasha
  1374 | D:2      | Killed Natasha
  1899 | D:3      | Found a stormy altar of Qazlal.
  2011 | D:3      | Noticed Grinder
  2019 | D:3      | Paralysed by Grinder for 5 turns
  2031 | D:3      | Paralysed by Grinder for 2 turns
  2038 | D:3      | Killed Grinder
  2039 | D:3      | Reached skill level 5 in Fighting
  2039 | D:3      | Reached skill level 5 in Dodging
  2039 | D:3      | Reached XP level 6. HP: 21/51 MP: 7/9
  2220 | D:3      | Found a glowing silver altar of Zin.
  2470 | D:4      | Reached XP level 7. HP: 52/56 MP: 10/10
  2914 | D:4      | Found a hide-covered altar of Uskayaw.
  2947 | D:4      | Reached skill level 9 in Ranged Weapons
  3153 | D:5      | Entered Level 5 of the Dungeon
  3387 | D:5      | Found a burning altar of Makhleb.
  3491 | D:5      | Found a white marble altar of Elyvilon.
  3501 | D:5      | Slain by an ogre

Illustrated notes

Levels and vault maps discovered:
D:1:      dpeg_arrival_simpleton_c, layout_rooms, fountainhead, minivault_4,
          minmay_split_cup_small
D:2:      layout_basic, hellmonk_ecumenical_altar_slurped_away, uniq_natasha,
          uniq_robin, uniq_jessica
D:3:      layout_basic, zin_scriptorium, mainiacjoe_overflow_alcove_1,
          uniq_grinder
D:4:      layout_rooms, lemuel_coloured_pillars_altar, minmay_ruptured
D:5:      layout_loops_corners, elyvilon_altar_3,
          mainiacjoe_overflow_six_doors_small, minmay_misc_feat_pillars,
          chequers_decorated_corner, uniq_ijyb, uniq_blork_the_orc

Skill      XL: |  1  2  3  4  5  6  7 |
---------------+----------------------+-----
Invocations    | 1 2 3 |  3.2
Short Blades   | 1 2 |  2.9
Long Blades    | 1 2 |  2.9
Axes           | 1 2 |  2.9
Maces & Flails | 1 2 |  2.9
Polearms       | 1 2 |  2.9
Staves         | 1 2 |  2.9
Throwing       | 1 2 |  2.9
Armour         | 1 2 |  2.9
Shields        | 1 2 |  2.9
Unarmed Combat | 1 2 |  2.9
Spellcasting   | 1 2 |  2.9
Evocations     | 1 2 |  2.9
Conjurations   | 1 2 |  2.3
Hexes          | 1 2 |  2.3
Summonings     | 1 2 |  2.3
Necromancy     | 1 2 |  2.3
Translocations | 1 2 |  2.3
Transmutations | 1 2 |  2.3
Fire Magic     | 1 2 |  2.3
Ice Magic      | 1 2 |  2.3
Air Magic      | 1 2 |  2.3
Earth Magic    | 1 2 |  2.3
Poison Magic   | 1 2 |  2.3
Fighting       | 5 |  5.4
Dodging        | 5 |  5.4
Stealth        | 3 |  3.8
Ranged Weapons | 9 |  9.0

Action                     |  1- 3 |  4- 6 |  7- 9 || total
---------------------------+-------+-------+-------++-------
  Melee: Flail             |       |    25 |    80 ||   105
         Bite              |       |     2 |     8 ||    10
         Punch             |       |       |     2 ||     2
   Fire: Shortbow          |    53 |    80 |     7 ||   140
  Throw: Dart              |       |     8 |     5 ||    13
         Boomerang         |       |       |     4 ||     4
    Use: Potion            |       |     5 |     2 ||     7
 Armour: Leather armour    |     3 |     2 |       ||     5
         Chain mail        |       |    33 |    80 ||   113
  Dodge: Dodged            |     6 |    32 |    45 ||    83
  Block: Tower shield      |       |       |     9 ||     9

Table legend: (Time is in decaauts)
 A = Elapsed time spent in this place.
 B = Non-inter-level travel time spent in this place.
 C = Inter-level travel time spent in this place.
 D = Time resting spent in this place.
 E = Time spent auto-exploring this place.
 F = Levels seen in this place.
 G = Mean time per level.
                   A        B        C        D        E       F      G
               +--------+--------+--------+--------+--------+-----+--------+
         Total |   3584 |   3509 |     75 |    142 |   2716 |   5 |  716.8 |
       Dungeon |   3584 |   3509 |     75 |    142 |   2716 |   5 |  716.8 |
               +--------+--------+--------+--------+--------+-----+--------+

Top non-repeatable levels by time:
     D:2: 1004 daAuts
     D:4: 948 daAuts
     D:3: 820 daAuts
     D:1: 451 daAuts
     D:5: 360 daAuts
